 Dungeon Crawl Stone Soup version 0.19-a0-1895-g783e625 (webtiles) character file.

526457 inmateoo the Wrestler (level 25, -21/220 HPs)
             Began as a Ghoul Monk on Oct 18, 2016.
             Was the Champion of Cheibriados.
             Demolished by Mennas
             ... wielding a +1 trishula of holy wrath
              (30 damage)
             ... on level 3 of the Crypt.
             The game lasted 01:40:20 (40951 turns).

inmateoo the Wrestler (Ghoul Monk)                 Turns: 40951, Time: 01:40:21

Health: -21/220    AC: 25    Str: 47    XL:     25   Next: 3%
Magic:  0/42       EV: 29    Int: 23    God:    Cheibriados [******]
Gold:   1517       SH: 10    Dex: 30    Spells: 5 memorised, 31 levels left

rFire  + + .     SeeInvis .       - Unarmed
rCold  + + .     Gourm    .     P - +4 moon troll leather armour {Spirit, Regen++ MP+5}
rNeg   + + +     Faith    .     T - +2 buckler {AC+3}
rPois  ∞         Spirit   +     j - +0 helmet of Uskayaw's Anger {rF++ Int+3}
rElec  +         Reflect  .     k - +2 cloak {MR+}
rCorr  +         Harm     .     l - +2 pair of gloves {Str+3}
MR     +++++     Clarity  +     J - +2 pair of boots {Stlth+}
Stlth  ++........               G - amulet of the Four Winds {rN+ MR+++ Clar}
                                Q - ring "Nepsul" {rC+ Str+2 Dex+4}
                                o - ring "Yzutegyr" {rCorr rElec}

@: very slightly contaminated, rotting, glowing, silenced, repel missiles, very
slow
A: rotting body, claws 1, carnivore 3, cold resistance 1, negative energy
resistance 3, slow regeneration 1, torment resistance, unbreathing
a: Renounce Religion
}: 4/15 runes: barnacled, silver, abyssal, gossamer


You were on level 3 of the Crypt.
You worshipped Cheibriados.
Cheibriados was exalted by your worship.
You were not hungry.

You visited 8 branches of the dungeon, and saw 42 of its levels.
You visited the Abyss 2 times.
You also visited: Labyrinth, Trove, Sewer and Ice Cave.

You collected 6684 gold pieces.
You spent 5167 gold pieces at shops.

Inventory:

Armour
 j - the +0 helmet of Uskayaw's Anger (worn) {rF++ Int+3}
   (You bought it in a shop on level 2 of the Orcish Mines)

   It affects your intelligence (+3).
   It greatly protects you from fire.
 k - a +2 cloak of magic resistance (worn)
 l - a +2 pair of gloves of strength (worn)
 r - the +7 plate armour of Pym Pack {Int+4}
   (You bought it in a shop on level 2 of the Orcish Mines)

   It affects your intelligence (+4).
 J - a +2 pair of boots of stealth (worn)
 P - the +4 moon troll leather armour (worn) {Spirit, Regen++ MP+5}
   (You found it in a treasure trove)

   It affects your magic capacity (+5).
   It increases your rate of regeneration.
 T - a +2 buckler of protection (worn)
Jewellery
 c - an uncursed amulet of regeneration
 o - the ring "Yzutegyr" (left hand) {rCorr rElec}
   (You bought it in a shop on level 2 of the Orcish Mines)

   [ring of resist corrosion]

   It insulates you from electricity.
 A - the ring of Xueti Hikhun {rF+ Str+4}
   (You took it off a deep elf death mage on level 3 of the Elven Halls)

   [ring of protection from fire]

   It affects your strength (+4).
   It protects you from fire.
 D - a +5 ring of evasion
 G - the amulet of the Four Winds (around neck) {rN+ MR+++ Clar}
   (You found it in an ice cave)

   [amulet of nothing]

   It protects you from negative energy.
   It affects your resistance to hostile enchantments.
   It protects you against confusion.
 Q - the ring "Nepsul" (right hand) {rC+ Str+2 Dex+4}
   (You found it in a treasure trove)

   [ring of strength]

   It affects your strength (+2).
   It affects your dexterity (+4).
   It protects you from cold.
Wands
 f - a wand of disintegration (12/24)
 h - a wand of disintegration (12/24)
 u - a wand of teleportation (6/9)
 z - a wand of disintegration (8/24)
 I - a wand of teleportation (5/9)
 M - a wand of heal wounds (1/9)
 O - a wand of digging (11/24)
 R - a wand of heal wounds (4/9)
 S - a wand of heal wounds (1/9)
Scrolls
 d - 7 scrolls of teleportation
 e - 7 scrolls of amnesia
 g - 19 scrolls of remove curse
 n - 2 scrolls of blinking
 p - 9 scrolls of magic mapping
 t - 10 scrolls of fog
 y - 2 scrolls of fear
 E - a scroll of identify
 F - 7 scrolls of recharging
 L - 3 scrolls of summoning
Potions
 a - 31 potions of curing
 m - 4 potions of resistance
 q - 7 potions of flight
 s - a potion of heal wounds
 v - 10 potions of cancellation
 w - 4 potions of ambrosia
 x - 11 potions of agility
 C - 5 potions of brilliance
 K - 6 potions of might
Comestibles
 b - 19 meat rations
 i - 8 beef jerkies
 B - 22 royal jellies
 H - 4 slices of pizza


   Skills:
 + Level 16.8 Fighting
 - Level 13.0 Armour
 + Level 14.5 Dodging
 - Level 2.1 Stealth
 + Level 5.8 Shields
 * Level 22.8 Unarmed Combat
 + Level 11.9 Spellcasting
 - Level 8.8 Charms
 * Level 11.1 Translocations
 + Level 10.4 Air Magic
 + Level 15.6 Invocations
 - Level 2.8 Evocations


You had 31 spell levels left.
You knew the following spells:

 Your Spells              Type           Power        Failure   Level  Hunger
a - Regeneration          Chrm/Necr      ####......   2%          3    None
b - Blink                 Tloc           N/A          1%          2    None
c - Repel Missiles        Chrm/Air       ######       1%          2    None
d - Song of Slaying       Chrm           ######..     1%          2    None
e - Malign Gateway        Summ/Tloc      #####.....   100%        7    #######


Dungeon Overview and Level Annotations

Branches:
Dungeon (15/15)            Temple (0/1) D:6            Lair (6/6) D:9
 Shoals (4/4) Lair:2       Spider (4/4) Lair:4        Slime (0/5) Lair:6
    Orc (2/2) D:12            Elf (3/3) Orc:2        Vaults (5/5) D:14
  Crypt (3/3) Vaults:2     Depths (0/5) D:15
   Tomb: Crypt:3

Altars:
Cheibriados
Fedhas
Gozag
Makhleb
Nemelex Xobeh
Okawaru
Qazlal
Uskayaw
Vehumet
Zin
Jiyva

Shops:
D:10 *:[!   Orc:2 (=*[(   Elf:1 (   Elf:2 !   Shoals:2 %}   Vaults:2 [[??:
Vaults:5 [

Annotations:
Elf:2 5 runed doors
Vaults:5 happinesssam's ghost, veteran HaFi
Crypt:3 Mennas


Innate Abilities, Weirdness & Mutations

Your body is rotting away.
You thrive on raw meat.
You are immune to poison.
You have sharp fingernails.
You are carnivorous and can eat meat at any time.
Your flesh is cold resistant. (rC+)
You are immune to negative energy. (rN+++)
You regenerate slowly when monsters are visible.
You are immune to unholy pain and torment.
You can survive without breathing.


Message History

* * * LOW HITPOINT WARNING * * *
The jiangshi completely misses you. The jiangshi barely misses you.
Unknown command.
Evoke which item? (* to show all) (? for menu, Esc to quit)
Zapping:
M - a wand of heal wounds (2/9)
Press: ? - help, Shift-Dir - straight line, f - you You feel much better.
This wand has 1 charge left.
Mennas hits you from afar with a trishula of holy wrath.
You convulse.
Mennas hits you from afar with a trishula of holy wrath!!
You convulse!!
* * * LOW HITPOINT WARNING * * *
Mennas hits you from afar with a trishula of holy wrath!
* * * LOW HITPOINT WARNING * * *
You convulse!
* * * LOW HITPOINT WARNING * * *
Mennas hits you from afar with a trishula of holy wrath!!
* * * LOW HITPOINT WARNING * * *
You convulse!!
You die...

###...'#.###
#..V..'....####
.....##.......########
....#####.......#....#
...# ###..)......# .##
##....8..## #
###.A..## ##V<.# #.@.#
##..# ####


You could see Mennas and a jiangshi.

Vanquished Creatures
  Mara (Shoals:4)
  2 ancient liches
  A juggernaut (Abyss:5)
  Saint Roka (Crypt:2)
  Jory (Crypt:2)
  Nikola (Spider:3)
  Jorgrun (Shoals:4)
  Arachne (Spider:2)
  A lich (Crypt:2)
  5 tentacled monstrosities
  Rupert (Lair:4)
  The ghost of Kenran the Shatterer, an adept OgBe of Trog (Spider:1)
  A deep elf blademaster (Elf:3)
  5 titans
  4 ancient champions
  Gastronok (Orc:1)
  2 krakens (Shoals:4)
  2 deep elf master archers (Elf:3)
  6 sphinxes
  Polyphemus (Shoals:4)
  Frances (Shoals:1)
  Kirke (D:13)
  2 shadow dragons
  8 fire giants
  5 tengu reavers
  A storm dragon (Vaults:4)
  Ilsuiw (Shoals:2)
  16 deep elf sorcerers
  5 frost giants
  6 ghost moths
  7 emperor scorpions
  13 vault wardens
  An orc warlord (Orc:1)
  5 curse skulls (Crypt:1)
  An angel (Abyss:5)
  3 deep elf elementalists (Elf:3)
  A war gargoyle (Vaults:5)
  6 stone giants
  15 ironheart preservers
  3 ghouls (Crypt:2)
  3 entropy weavers
  7 very ugly things
  3 vampire knights
  2 ophanim (Abyss:5)
  3 deep elf annihilators
  12 deep elf demonologists
  8 ettins
  8 merfolk javelineers
  7 merfolk impalers
  8 deep elf death magi
  3 eidola (Crypt:2)
  A fire dragon (Vaults:3)
  2 jiangshi
  A minotaur (Lab)
  Josephine (Lair:5)
  6 deep elf high priests
  12 ogre magi
  7 yaktaur captains
  Harold (Lair:2)
  5 great orbs of eyes
  A rakshasa (Vaults:2)
  37 vault guards
  A quicksilver dragon skeleton (Crypt:1)
  8 ice dragons
  Fannar (D:12)
  9 hydras
  3 merfolk aquamancers (Shoals:4)
  4 centaur warriors
  2 alligator snapping turtles
  4 merfolk avatars
  2 satyrs (Shoals:4)
  2 catoblepae
  9 death knights
  3 deep troll shamans
  3 tengu warriors
  9 death yaks
  A vampire mage (Crypt:2)
  2 orc high priests
  14 dancing weapons
  A shock serpent (shapeshifter) (Vaults:5)
  Sonja (Lair:1)
  A small abomination (Elf:3)
  14 deep elf knights
  15 skeletal warriors
  A sixfirhy (Abyss:4)
  7 shadow wraiths
  A fire crab (shapeshifter) (D:15)
  17 deep trolls
  2 cherubim (Abyss:5)
  A spark wasp zombie (Crypt:2)
  A wizard (Vaults:3)
  4 flayed ghosts
  5 unseen horrors
  An anaconda zombie (Crypt:2)
  A glowing orange brain (shapeshifter) (Vaults:5)
  2 glowing orange brains
  15 sea snakes
  A tengu zombie (Vaults:4)
  A shadow dragon zombie (Vaults:4)
  A golden dragon zombie (Crypt:1)
  18 deep elf archers
  A hill giant (D:14)
  11 phantasmal warriors
  18 ironbrand convokers
  23 harpies
  52 deep elf magi
  14 orb spiders
  An iron dragon zombie (Crypt:1)
  7 necromancers
  27 wolf spiders
  A tengu skeleton (Vaults:3)
  25 ugly things
  5 fauns
  9 cyclopes
  22 orc knights
  3 orc sorcerers
  14 manticores
  A frost giant zombie (Vaults:4)
  A salamander (shapeshifter) (D:14)
  5 elephants (Lair:6)
  2 black mambas (Lair:1)
  17 slime creatures
  A shining eye (shapeshifter) (Vaults:5)
  3 moths of wrath (Spider:4)
  A frost giant skeleton (Crypt:1)
  Maurice (Orc:1)
  2 stone giant skeletons (Crypt:1)
  15 sirens
  A fire giant skeleton (Vaults:3)
  A guardian serpent (D:14)
  2 ice statues (IceCv)
  6 centaur skeletons
  A gargoyle (D:13)
  A torpor snail (Spider:2)
  11 spiny frogs
  15 vault sentinels
  8 water nymphs
  A catoblepas zombie (Crypt:1)
  4 human zombies
  A komodo dragon (shapeshifter) (Vaults:1)
  2 kobold demonologists
  6 rime drakes
  An anaconda simulacrum (Crypt:1)
  A yaktaur (shapeshifter) (D:14)
  35 yaktaurs
  11 freezing wraiths
  8 komodo dragons
  A green draconian skeleton (Crypt:1)
  14 demonic crawlers
  A yaktaur skeleton (Vaults:3)
  3 efreet
  32 merfolk
  A queen bee (D:12)
  2 queen bees (shapeshifter) (D:15)
  A merfolk (shapeshifter) (Vaults:4)
  A meliai (shapeshifter) (Vaults:3)
  5 human skeletons
  30 jumping spiders
  2 two-headed ogres (shapeshifter)
  4 polar bears (Lair:6)
  9 meliai
  A hornet (shapeshifter) (Vaults:1)
  5 wind drakes
  14 trolls
  21 two-headed ogres
  19 hornets
  A harpy skeleton (D:13)
  3 bog bodies (Crypt:2)
  A tengu simulacrum (Vaults:3)
  A sphinx simulacrum (Vaults:4)
  A minotaur skeleton (Crypt:1)
  A raiju (shapeshifter) (D:15)
  10 dream sheep
  15 blink frogs
  Grinder (Sewer)
  A jumping spider zombie (Crypt:2)
  2 frost giant simulacra (Crypt:1)
  2 ice dragon zombies
  7 snapping turtles
  2 human simulacra (Vaults:3)
  A stone giant simulacrum (Vaults:2)
  39 flying skulls
  18 hippogriffs
  A redback (shapeshifter) (Vaults:5)
  31 tarantellas
  A spriggan (shapeshifter) (Elf:2)
  2 shadows
  2 air elementals
  18 wraiths
  A tarantella (shapeshifter) (Elf:2)
  3 vampires
  83 redbacks
  13 spriggans
  26 yaks
  12 water elementals
  A hog (D:13)
  A human (shapeshifter) (Vaults:3)
  A yak (shapeshifter) (D:15)
  5 golden eyes (Abyss:4)
  2 fire elementals
  3 basilisks
  3 hungry ghosts
  2 steam dragons (D:11)
  A vampire mosquito (Spider:2)
  A hill giant skeleton (Crypt:1)
  4 mottled dragons
  10 wargs
  2 soldier ants
  17 water moccasins
  A soldier ant (shapeshifter) (Elf:1)
  5 swamp worms (Spider:1)
  10 porcupines
  An eye of draining (D:13)
  26 ice beasts
  7 sky beasts
  4 black bears (Lair:6)
  A hornet zombie (Crypt:2)
  4 necrophages
  47 orc warriors
  A black bear (shapeshifter) (D:15)
  25 wolves
  A manticore skeleton (Crypt:1)
  12 boggarts
  59 ogres
  29 centaurs
  12 crocodiles
  4 big kobolds
  A rime drake skeleton (Crypt:2)
  2 gnoll sergeants
  15 bullfrogs
  A wyvern zombie (D:13)
  A cyclops zombie (Crypt:2)
  2 earth elementals
  3 wyvern skeletons
  8 scorpions
  An elf simulacrum (Vaults:3)
  22 killer bees (D:12)
  11 wights
  2 polar bear skeletons
  6 howler monkeys
  7 electric eels
  6 crimson imps
  4 centaur zombies
  2 quasits
  A bullfrog zombie (D:10)
  10 hounds
  19 orc priests
  A jelly (D:8)
  29 orc wizards
  3 bullfrog skeletons
  Jessica (D:2)
  Ijyb (D:2)
  3 iguanas
  9 worker ants
  A killer bee zombie (D:8)
  3 big kobold zombies (Sewer)
  A naga skeleton (Crypt:2)
  7 hound skeletons
  A howler monkey zombie (D:3)
  12 gnolls
  28 adders
  11 shadow imps
  2 ufetubi (Sewer)
  An ooze (Sewer)
  An adder zombie (D:3)
  An adder skeleton (D:10)
  15 worms
  4 dart slugs
  9 leopard geckos
  118 orcs
  10 bats
  10 giant cockroaches
  9 goblins
  16 hobgoblins
  5 jackals
  3 quokkas
  2 ball pythons
  7 frilled lizards
  A goblin skeleton (Crypt:2)
  36 kobolds
  3 kobold zombies (Sewer)
  A leopard gecko zombie (D:9)
  A quokka skeleton (D:3)
  A quokka zombie (D:3)
  14 rats
  A fungus (Lair:5)
  A lurking horror (Abyss:5)
  A plant (Shoals:4)
  8 tentacles (Shoals:4)
2147 creatures vanquished.

Vanquished Creatures (others)
  A harpy (shapeshifter) (D:15)
  A harpy (Shoals:1)
  A yaktaur (Vaults:4)
  3 humans (D:13)
  An orc warrior (Vaults:4)
  A centaur (D:13)
  A hound (D:13)
  2 orcs
  8 fungi
  22 plants
  15 tentacles (Shoals:4)
56 creatures vanquished.

Grand Total: 2203 creatures vanquished

Notes
Turn   | Place    | Note
-------+----------+-------------------------------------------
     0 | D:1      | inmateoo the Ghoul Monk began the quest for the Orb.
     0 | D:1      | Reached XP level 1. HP: 19/19 MP: 0/0
   178 | D:1      | Reached XP level 2. HP: 21/26 MP: 1/1
   203 | D:1      | Reached skill level 4 in Unarmed Combat
   503 | D:1      | Reached XP level 3. HP: 27/31 MP: 2/2
   736 | D:2      | Noticed Ijyb
   738 | D:2      | Reached skill level 5 in Unarmed Combat
   770 | D:2      | Killed Ijyb
   770 | D:2      | Reached XP level 4. HP: 32/37 MP: 3/3
   781 | D:2      | Found a radiant altar of Vehumet.
   884 | D:2      | Found a stormy altar of Qazlal.
   997 | D:2      | Found an iron altar of Okawaru.
  1025 | D:2      | Reached skill level 6 in Unarmed Combat
  1025 | D:2      | Reached XP level 5. HP: 27/44 MP: 4/4
  1222 | D:2      | Found a sparkling altar of Nemelex Xobeh.
  1222 | D:2      | Noticed Jessica
  1227 | D:2      | Killed Jessica
  1563 | D:3      | Reached skill level 7 in Unarmed Combat
  1619 | D:3      | Reached XP level 6. HP: 49/51 MP: 5/5
  2198 | D:3      | Found a faded altar of an unknown god.
  2804 | D:4      | Found a snail-covered altar of Cheibriados.
  2809 | D:4      | Reached skill level 8 in Unarmed Combat
  2813 | D:4      | Became a worshipper of Cheibriados the Contemplative
  2813 | D:4      | Reached * piety under Cheibriados
  2813 | D:4      | Reached ** piety under Cheibriados
  2864 | D:4      | Reached XP level 7. HP: 57/59 MP: 6/6
  2882 | D:5      | Entered Level 5 of the Dungeon
  3393 | D:5      | Reached skill level 1 in Armour
  3393 | D:5      | Reached skill level 9 in Unarmed Combat
  3488 | D:6      | Reached skill level 5 in Fighting
  3500 | D:6      | Reached XP level 8. HP: 56/68 MP: 7/7
  3518 | D:6      | Found a staircase to the Ecumenical Temple.
  3582 | D:6      | Reached *** piety under Cheibriados
  3593 | D:6      | Found a blossoming altar of Fedhas.
  3694 | D:6      | Found a glowing drain.
  3741 | Sewer    | Entered a sewer
  3880 | Sewer    | Reached **** piety under Cheibriados
  4042 | Sewer    | Found a burning altar of Makhleb.
  4091 | Sewer    | Reached skill level 10 in Unarmed Combat
  4155 | Sewer    | Noticed Grinder
  4162 | Sewer    | Killed Grinder
  4162 | Sewer    | Reached XP level 9. HP: 74/75 MP: 8/8
  4858 | D:7      | Found a sparkling altar of Nemelex Xobeh.
  5286 | D:8      | Reached ***** piety under Cheibriados
  5460 | D:8      | Noticed a two-headed ogre
  5465 | D:8      | Killed a two-headed ogre
  5465 | D:8      | Reached skill level 11 in Unarmed Combat
  5465 | D:8      | Reached skill level 1 in Invocations
  5473 | D:8      | Reached skill level 5 in Dodging
  5575 | D:8      | You fall through a shaft!
  5627 | D:9      | Found a staircase to the Lair.
  5637 | D:9      | Noticed a cyclops
  5642 | Lair:1   | Entered Level 1 of the Lair of Beasts
  5642 | Lair:1   | Noticed a black mamba
  5653 | Lair:1   | Reached XP level 10. HP: 60/86 MP: 10/10
  5656 | Lair:1   | Killed a black mamba
  5741 | Lair:1   | Noticed a spiny frog
  5747 | Lair:1   | Killed a spiny frog
  5773 | Lair:1   | Reached skill level 12 in Unarmed Combat
  5819 | Lair:1   | Noticed a spiny frog
  5843 | Lair:1   | Noticed a black mamba
  5846 | Lair:1   | Killed a spiny frog
  5856 | Lair:1   | Killed a black mamba
  5856 | Lair:1   | Reached skill level 5 in Armour
  6016 | Lair:1   | Noticed Sonja
  6019 | Lair:1   | Killed Sonja
  6100 | Lair:1   | Reached XP level 11. HP: 44/95 MP: 13/13
  6589 | Lair:2   | Found a frozen archway.
  6662 | IceCv    | Entered an ice cave
  6695 | IceCv    | Reached skill level 5 in Invocations
  6697 | IceCv    | Reached skill level 13 in Unarmed Combat
  6805 | IceCv    | Reached ****** piety under Cheibriados
  6825 | IceCv    | Noticed an ice dragon
  6826 | IceCv    | Noticed an ice dragon
  6835 | IceCv    | Killed an ice dragon
  6850 | IceCv    | Killed an ice dragon
  7241 | Lair:2   | Noticed a manticore
  7247 | Lair:2   | Killed a manticore
  7255 | Lair:2   | Found a staircase to the Shoals.
  7468 | D:9      | Killed a cyclops
  7468 | D:9      | Reached XP level 12. HP: 105/105 MP: 15/15
  8029 | D:9      | Found an opulent altar of Gozag.
  8033 | D:9      | Found a glowing silver altar of Zin.
  8292 | D:8      | Found a hide-covered altar of Uskayaw.
  8534 | D:8      | Found a burning altar of Makhleb.
  8789 | D:10     | Entered Level 10 of the Dungeon
  8804 | D:10     | Reached skill level 14 in Unarmed Combat
  8902 | D:10     | Found Geabarentu's Book Shop.
  8920 | D:10     | Learned a level 3 spell: Regeneration
  8934 | D:10     | Bought a book of Minor Magic for 320 gold pieces
  8937 | D:10     | Learned a level 2 spell: Blink
  8940 | D:10     | Learned a level 2 spell: Repel Missiles
  9003 | D:10     | Found Kayntari's Distillery.
  9009 | D:10     | Bought 2 potions of agility for 80 gold pieces
  9009 | D:10     | Bought a potion of resistance for 100 gold pieces
  9009 | D:10     | Bought a potion of resistance for 100 gold pieces
  9009 | D:10     | Bought a potion of might for 40 gold pieces
  9009 | D:10     | Bought a potion of agility for 40 gold pieces
  9066 | D:10     | Found Piypo's Assorted Antiques.
  9088 | D:10     | Bought a blue potion for 27 gold pieces
  9088 | D:10     | Bought a scroll of identify for 62 gold pieces
  9088 | D:10     | Bought a jewelled brass wand for 124 gold pieces
  9088 | D:10     | Bought a scroll of teleportation for 93 gold pieces
  9088 | D:10     | Bought a scroll of recharging for 294 gold pieces
  9227 | D:10     | Noticed a vault guard
  9234 | D:10     | Killed a vault guard
  9238 | D:10     | Found a portal to a secret trove of treasure.
  9275 | D:10     | Reached skill level 10 in Fighting
  9311 | D:10     | Reached skill level 1 in Spellcasting
  9551 | D:10     | Found Cubiupt's Armour Boutique.
 10298 | D:10     | Bought a +2 helmet of see invisible for 279 gold pieces
 10525 | D:12     | Noticed a death knight
 10667 | D:12     | Reached XP level 13. HP: 114/114 MP: 17/17
 10763 | D:12     | Found a staircase to the Orcish Mines.
 10769 | D:12     | Reached skill level 15 in Unarmed Combat
 10956 | D:12     | Noticed Fannar
 10961 | D:12     | Killed Fannar
 11119 | D:13     | Noticed Kirke
 11133 | D:13     | Killed Kirke
 12020 | D:13     | Reached XP level 14. HP: 124/124 MP: 19/19
 12270 | D:14     | Got a crude steel amulet
 12271 | D:14     | Identified the amulet of Duyrunug {+Rage rElec rC+ MR- SInv} (You found it on level 14 of the Dungeon)
 12295 | D:14     | Reached skill level 16 in Unarmed Combat
 12490 | D:14     | Reached skill level 5 in Spellcasting
 12520 | D:14     | Found a gate to the Vaults.
 12828 | D:15     | Entered Level 15 of the Dungeon
 13036 | D:15     | Reached skill level 1 in Charms
 13165 | D:15     | Reached skill level 1 in Air Magic
 13288 | D:15     | Found a staircase to the Depths.
 13592 | D:15     | Reached XP level 15. HP: 132/132 MP: 22/22
 14061 | Lair:2   | Noticed Harold
 14068 | Lair:2   | Killed Harold
 14899 | Lair:3   | Reached skill level 17 in Unarmed Combat
 15634 | Lair:4   | Found a hole to the Spider Nest.
 15948 | Lair:4   | Reached skill level 10 in Invocations
 16526 | Lair:5   | Noticed Josephine
 16532 | Lair:5   | Killed Josephine
 16883 | Lair:6   | Entered Level 6 of the Lair of Beasts
 16905 | Lair:6   | Reached skill level 10 in Dodging
 17082 | Lair:6   | Found a viscous altar of Jiyva.
 17083 | Lair:6   | Found a staircase to the Slime Pits.
 17118 | Lair:6   | Found a labyrinth entrance.
 17127 | Lab      | Entered a labyrinth
 17159 | Lab      | Found an exit through the horrors of the Abyss.
 17276 | Lab      | Got a crude golden ring
 17280 | Lair:6   | Identified the cursed ring of Pantheism {rElec Slay-2} (You found it in a labyrinth)
 17771 | Lair:6   | Reached XP level 16. HP: 118/140 MP: 24/24
 18360 | D:10     | Bought a +1 pair of gloves of strength for 214 gold pieces
 18417 | Orc:1    | Entered Level 1 of the Orcish Mines
 18417 | Orc:1    | Noticed Maurice
 18420 | Orc:1    | Killed Maurice
 18443 | Orc:1    | Noticed Gastronok
 18454 | Orc:1    | Killed Gastronok
 18637 | Orc:2    | Entered Level 2 of the Orcish Mines
 18637 | Orc:2    | Found Owauv's Antique Weapon Boutique.
 18731 | Orc:2    | Found Kaben's Antique Armour Emporium.
 18779 | Orc:2    | Found a staircase to the Elven Halls.
 18805 | Orc:2    | Paralysed by an orc sorcerer for 4 turns
 18903 | Orc:2    | Found Ixtaq's Jewellery Boutique.
 18911 | Orc:2    | Bought the ring "Yzutegyr" {rCorr rElec} for 442 gold pieces
 18946 | Orc:2    | Reached skill level 10 in Armour
 18990 | Orc:2    | Found Penopuy's General Store.
 19223 | Orc:2    | Found Awnim's Antique Weapon Emporium.
 19713 | Orc:2    | Bought a shimmering helmet for 275 gold pieces
 19713 | Orc:2    | Bought a pair of distressingly furry gloves for 275 gold pieces
 19724 | Orc:2    | Identified the +2 pair of gloves of Impatience {MR+} (You bought it in a shop on level 2 of the Orcish Mines)
 19735 | Orc:2    | Identified the +0 helmet of Uskayaw's Anger {rF++ Int+3} (You bought it in a shop on level 2 of the Orcish Mines)
 19893 | Spider:1 | Entered Level 1 of the Spider Nest
 19895 | Spider:1 | Noticed Kenran's ghost (adept OgBe)
 19950 | Spider:1 | Noticed Rupert
 19986 | Lair:4   | Killed Rupert
 20189 | Spider:1 | Killed Kenran's ghost
 20189 | Spider:1 | Reached skill level 18 in Unarmed Combat
 20903 | Spider:2 | Reached skill level 5 in Charms
 21126 | Spider:2 | Reached XP level 17. HP: 108/149 MP: 10/26
 21189 | Spider:2 | Noticed Arachne
 21214 | Spider:2 | Killed Arachne
 21724 | Spider:3 | Noticed Nikola
 21731 | Spider:3 | Killed Nikola
 22599 | Spider:3 | Identified a scroll of acquirement
 22694 | Spider:4 | Entered Level 4 of the Spider Nest
 23023 | Spider:4 | Reached skill level 5 in Air Magic
 23409 | Spider:4 | Reached XP level 18. HP: 158/158 MP: 0/29
 23660 | Spider:4 | Reached skill level 19 in Unarmed Combat
 23734 | Spider:4 | Got a gossamer rune of Zot
 24055 | Orc:2    | Bought a pitted plate armour for 812 gold pieces
 24066 | Orc:2    | Identified the +7 plate armour of Pym Pack {Int+4} (You bought it in a shop on level 2 of the Orcish Mines)
 24076 | Elf:1    | Entered Level 1 of the Elven Halls
 24347 | Elf:1    | Noticed a Tzitzimitl
 24421 | Elf:1    | Found Umaust's Weapon Boutique.
 25054 | Elf:2    | Found Zihyv's Distillery.
 25066 | Elf:2    | Bought a potion of might for 72 gold pieces
 25066 | Elf:2    | Bought a potion of resistance for 180 gold pieces
 25490 | Elf:2    | Found a huge runed gate.
 25490 | Elf:2    | Found a huge runed gate.
 25490 | Elf:2    | Found a huge runed gate.
 25490 | Elf:2    | Found a huge runed gate.
 25492 | Elf:2    | Found a huge runed gate.
 25693 | Elf:3    | Entered Level 3 of the Elven Halls
 25949 | Elf:3    | Reached XP level 19. HP: 165/165 MP: 30/30
 26758 | Elf:3    | Noticed a Hell Sentinel
 26991 | Elf:3    | Noticed an Ice Fiend
 27026 | Elf:3    | Got a sparkling tin ring
 27059 | Elf:3    | Got a dazzling double sword {pain}
 27271 | Elf:3    | Got a fine helmet
 27282 | Elf:3    | Identified the +1 helmet of Pull {rElec} (You found it on level 3 of the Elven Halls)
 27293 | Elf:3    | Identified the ring of Xueti Hikhun {rF+ Str+4} (You took it off a deep elf death mage on level 3 of the Elven Halls)
 27355 | Elf:3    | Identified the Incunabulum of Harmful Beguiling
 27367 | Elf:3    | Got a coiled lead amulet
 27368 | Elf:3    | Identified the amulet of Qunetsawn {Inacc +Inv rF+ rN+ Str-5} (You found it on level 3 of the Elven Halls)
 27415 | Elf:3    | Identified Wyhiyvul's Guide on Ashen Intoxication
 27682 | Shoals:1 | Entered Level 1 of the Shoals
 27909 | Shoals:1 | Noticed Frances
 27923 | Shoals:1 | Killed Frances
 27923 | Shoals:1 | Reached skill level 20 in Unarmed Combat
 28456 | Shoals:2 | Reached XP level 20. HP: 135/176 MP: 32/32
 28572 | Shoals:2 | Found Tirreuwa's Gadget Shop.
 28659 | Shoals:2 | Found Xykatze's Food Boutique.
 29039 | Shoals:3 | Noticed Ilsuiw
 29170 | Shoals:3 | Reached skill level 1 in Translocations
 29199 | Shoals:2 | Killed Ilsuiw
 29737 | Shoals:4 | Entered Level 4 of the Shoals
 29766 | Shoals:4 | Identified the Almanac of the Boosting Escort
 29775 | Shoals:4 | Learned a level 2 spell: Song of Slaying
 29783 | Shoals:4 | Learned a level 7 spell: Malign Gateway
 29817 | Shoals:4 | Noticed Jorgrun
 29832 | Shoals:4 | Killed Jorgrun
 29887 | Shoals:4 | Got a barnacled rune of Zot
 30238 | Shoals:4 | Noticed Polyphemus
 30249 | Shoals:4 | Killed Polyphemus
 30407 | Shoals:4 | Noticed Mara
 30464 | Shoals:4 | Noticed inmateoo's illusion
 30480 | Shoals:4 | Killed Mara
 31094 | Lair:2   | Cast into level 4 of the Abyss (a distortion unwield)
 31126 | Abyss:4  | Reached skill level 15 in Fighting
 31131 | Abyss:4  | Reached XP level 21. HP: 184/184 MP: 33/33
 31139 | Abyss:4  | Found a corrupted altar of Lugonu.
 31169 | Abyss:5  | Entered Level 5 of the Abyss
 31187 | Abyss:5  | Found a glowing golden altar of the Shining One.
 31248 | Abyss:5  | Noticed a juggernaut
 31259 | Abyss:5  | Killed a juggernaut
 31263 | Abyss:5  | Got an abyssal rune of Zot
 31270 | Lair:2   | Escaped the Abyss
 31381 | D:10     | You showed the abyssal rune of Zot to enter a treasure trove
 31382 | Trove    | Entered a treasure trove
 31430 | Trove    | Got a jewelled hat
 31454 | Trove    | Got a pitted silver ring
 31461 | Trove    | Got a slimy golden ring
 31468 | D:10     | Identified the ring "Nepsul" {rC+ Str+2 Dex+4} (You found it in a treasure trove)
 31470 | D:10     | Identified the ring "Aqyd Ely" {+Fly rC+++ MR- Str-3 Int+4} (You found it in a treasure trove)
 31487 | D:10     | Identified the +0 hat "Tapsemad" {*Corrode rElec rPois Slay-4} (You found it in a treasure trove)
 31822 | Vaults:1 | Entered Level 1 of the Vaults
 31879 | Vaults:1 | Reached skill level 10 in Spellcasting
 32699 | Vaults:2 | Found Kuiny's Armour Boutique.
 32756 | Vaults:2 | Found Zuliych's Armour Boutique.
 32835 | Vaults:2 | Found a staircase to the Crypt.
 32875 | Vaults:2 | Reached skill level 5 in Translocations
 32897 | Vaults:2 | Found Kyorac's Magic Scroll Shop.
 32916 | Vaults:2 | Bought a scroll of summoning for 95 gold pieces
 32916 | Vaults:2 | Bought a scroll of identify for 20 gold pieces
 32916 | Vaults:2 | Bought a scroll of teleportation for 30 gold pieces
 32916 | Vaults:2 | Bought a scroll of identify for 20 gold pieces
 32916 | Vaults:2 | Bought a scroll of identify for 20 gold pieces
 32916 | Vaults:2 | Bought a scroll of teleportation for 30 gold pieces
 32916 | Vaults:2 | Bought 2 scrolls of fog for 40 gold pieces
 32916 | Vaults:2 | Bought a scroll of recharging for 95 gold pieces
 33074 | Vaults:2 | Reached skill level 21 in Unarmed Combat
 33327 | Vaults:2 | Found Nuerusemo's Book Shoppe.
 33572 | Vaults:2 | Found Oqepory's Magic Scroll Emporium.
 33575 | Vaults:2 | Bought a scroll of acquirement for 988 gold pieces
 34320 | Vaults:3 | Reached XP level 22. HP: 178/193 MP: 35/35
 34581 | Vaults:3 | Reached skill level 1 in Evocations
 35922 | Vaults:4 | Cast into level 3 of the Abyss (tengu reaver)
 35932 | Vaults:4 | Escaped the Abyss
 36187 | Vaults:4 | Reached skill level 1 in Shields
 36889 | Vaults:5 | Entered Level 5 of the Vaults
 36893 | Vaults:5 | Reached XP level 23. HP: 201/201 MP: 25/36
 36925 | Vaults:5 | Noticed an ancient lich
 37110 | Vaults:4 | Killed an ancient lich
 37194 | Vaults:5 | Reached skill level 22 in Unarmed Combat
 37535 | Vaults:5 | Reached skill level 15 in Invocations
 37719 | Vaults:5 | Noticed happinesssam's ghost (veteran HaFi)
 37908 | Vaults:5 | Reached XP level 24. HP: 203/211 MP: 37/37
 37913 | Vaults:5 | Noticed an ancient lich
 37916 | Vaults:5 | Killed an ancient lich
 37922 | Vaults:5 | Got a brightly glowing wooden ring
 37961 | Vaults:5 | Identified the Guide on Poisonous Ice
 37972 | Vaults:5 | Got a silver rune of Zot
 38135 | Vaults:5 | Reached skill level 10 in Translocations
 38166 | Vaults:5 | Found Vuazame's Armour Shoppe.
 38215 | Vaults:5 | Reached skill level 10 in Air Magic
 38400 | Vaults:5 | Identified the ring of the Queen {rCorr rF+ Str+2 Dex-4} (You took it off a deep elf high priest on level 5 of the Vaults)
 38871 | Crypt:1  | Entered Level 1 of the Crypt
 39206 | Crypt:1  | Reached skill level 5 in Shields
 40054 | Crypt:2  | Noticed Saint Roka
 40092 | Crypt:2  | Killed Saint Roka
 40325 | Crypt:2  | Noticed Jory
 40354 | Crypt:2  | Killed Jory
 40860 | Crypt:2  | Reached XP level 25. HP: 219/219 MP: 37/37
 40869 | Crypt:3  | Entered Level 3 of the Crypt
 40914 | Crypt:3  | Noticed Mennas
 40951 | Crypt:3  | HP: 9/220 [Mennas/trishula of holy wrath (21)]
 40951 | Crypt:3  | Demolished by Mennas

Vault maps used:
D:1:      minmay_arrival_arboretum_small
D:2:      old_standard_altar, lemuel_doored_altar, okawaru_altar_gauntlet_db,
          nemelex_lonely_heart_becter, uniq_iyjb
D:3:      ecumenical_altar_2, serial_undead, serial_undead_f, serial_undead_b,
          serial_undead_b, serial_undead_a, minmay_randomly_rotated_circles
D:4:      cheibriados_altar_wand_db
D:5:      first_bread, minmay_fountain_box
D:6:      fedhas_altar_1, gup_sewer_entry_glass
D:7:      kennysheep_mini
D:8:      lemuel_coloured_pillars_altar, basic_altar, minmay_item_behind_shaft
D:9:      grunt_temple_overflow_gold_and_silver, lair_0_dummy
D:10:     serial_shops, nicolae_shop_temple_entry_statues_fountains, shop, shop,
          nicolae_shop_competitors_out_of_business, enter_trove_5
D:12:     orc_0_dummy, uniq_fannar
D:13:     uniq_kirke
D:14:     lightli_vaults_fourway_checkpoint, minivault_14, the_bakery,
          minmay_misc_feat_x, nrook_guardian_serpent_double
D:15:     gammafunk_enter_depths_forms, serial_park_tiny_2
Lair:1:   grunt_forest_large_clearing_hut, lemuel_fruit_tree, uniq_sonja
Lair:2:   minmay_shoals_entry_beasts, portal_ice_cave_entry_ice_beasts,
          serial_bayou_pond_b, uniq_harold
Lair:3:   st_stairs_10
Lair:4:   nicolae_spider_entry_tight_spaces
Lair:5:   uniq_josephine
Lair:6:   minmay_lair_end_enchanted_forest, slime_altar_1, lab_entry_generic,
          grunt_megastairs_4, infiniplex_staircase_pool
Shoals:1: uniq_frances
Shoals:2: serial_shops, shop, nicolae_shop_trees
Shoals:3: uniq_ilsuiw
Shoals:4: shoals_end_simple, shoals_ilsuiw_alternative, uniq_polyphemus,
          uniq_mara, uniq_jorgrun
Spider:1: worms_lemuel, uniq_rupert
Spider:2: einodemon_crawler_minivault, uniq_arachne
Spider:3: spiders_nest_scorpion_pit, uniq_nikola
Spider:4: spider_rune_water
Orc:1:    uniq_gastronok, uniq_maurice
Orc:2:    grunt_orc_gardens, grunt_orc_garden, grunt_orc_garden,
          grunt_orc_garden, grunt_orc_garden, serial_shops, shop
Elf:1:    minmay_elf_arrival_circle, serial_shops, shop, hangedman_elf_represent
Elf:2:    serial_shops, nicolae_shop_stone, spider_trap
Elf:3:    minmay_elf_hall_spiked
Vaults:1: grunt_vaults_swirl, vaults_dpeg_cross,
          nicolae_vaults_little_squares_4, vaults_room_grid,
          nicolae_vaults_specimen_jars, v_misc_10, grunt_vaults_hallway_long,
          v_misc_8, ontoclasm_vaults_misaligned, st_diamondy, v_misc_16,
          v_misc_9
Vaults:2: blue_anna_dwarven_crypt, nicolae_vaults_disjoint_gnomons,
          nicolae_vaults_bisected_exclaves, v_alt_pattern_1,
          grunt_vaults_bifocal, nicolae_vaults_rhombus_5, vaults_mumra_lcd,
          ontoclasm_vaults_gateway, v_misc_27, serial_shops,
          nicolae_shop_competitors_out_of_business, nicolae_shop_statue_plus,
          shop, nicolae_shop_temple_entry_statues_fountains,
          nicolae_shop_behind_doors
Vaults:3: grunt_vaults_trifunnel, v_misc_19, v_misc_24, v_misc_4, v_rooms_4,
          nicolae_vaults_circle_grid_b, hangedman_vaults_snaps,
          nicolae_vaults_what_the_h, nicolae_vaults_asterisk,
          vaults_room_fancy_cross, vaults_dpeg_ring, grunt_vaults_focal,
          ontoclasm_vaults_pinch
Vaults:4: v_misc_10, nicolae_vaults_arrows, v_alt_pattern_3, v_alt_pattern_2,
          nicolae_vaults_windows_and_doors_thing,
          vaults_mumra_minichess_inversion, hangedman_vaults_stitches,
          nicolae_vaults_little_squares_2, nicolae_vaults_theta,
          vaults_room_pools
Crypt:1:  minmay_guarded_unrand_skullcrusher
Crypt:2:  uniq_saint_roka, uniq_jory
Crypt:3:  grunt_crypt_end_deaths_head, uniq_sojobo, uniq_mennas
Abyss:3:  evilmike_abyss_exit_13, due_exit_kobolds
Abyss:4:  nicolae_abyss_rune_left_handed, evilmike_abyss_exit_16
Abyss:5:  evilmike_abyss_exit_12, evilmike_abyss_rune_tso_outpost
Lab:      labyrinth_mini_lab, nicolae_lab_swirl, nicolae_lab_flowing_pool,
          labyrinth_fake_exit
Trove:    trove_dig
Sewer:    kennysheep_sewer_church
IceCv:    ice_cave_small_dragons

Skill      XL: |  1  2  3  4  5  6  7  8  9 10 11 12 13 14 15 16 17 18 19 20 21 22 23 24 |
---------------+-------------------------------------------------------------------------+-----
Unarmed Combat | 4 5 6 7 8 9 10 11 12 13 14 15 16 17 18 19 20 21 22 | 22.8
Fighting       | 4 5 6 7 8 9 10 11 12 13 14 15 16 | 16.8
Armour         | 1 2 4 5 6 7 8 9 10 11 12 13 | 13.0
Dodging        | 3 4 5 6 7 8 9 10 11 12 13 14 | 14.5
Invocations    | 2 4 6 7 8 9 10 11 12 13 14 15 | 15.6
Spellcasting   | 2 4 5 6 7 8 9 10 11 | 11.9
Charms         | 1 3 5 6 7 8 |  8.8
Air Magic      | 1 3 4 5 6 7 8 9 10 | 10.4
Translocations | 3 6 8 9 11 | 11.1
Evocations     | 2 |  2.8
Shields        | 2 4 5 |  5.8
Stealth        | |  2.1

Action                   |  1- 3 |  4- 6 |  7- 9 | 10-12 | 13-15 | 16-18 | 19-21 | 22-24 | 25-27 || total
-------------------------+-------+-------+-------+-------+-------+-------+-------+-------+-------++-------
Melee: Unarmed           |   100 |   255 |   323 |   506 |   911 |  1405 |  1531 |  1661 |    55 ||  6747
       Punch             |       |     5 |    19 |    47 |   133 |   191 |   253 |    68 |       ||   716
 Cast: Repel Missiles    |       |       |       |       |     4 |     7 |     9 |     7 |       ||    27
       Regeneration      |       |       |       |       |       |    12 |    49 |    55 |       ||   116
       Blink             |       |       |       |       |       |       |       |     1 |       ||     1
Invok: Slouch            |       |       |     1 |     2 |     8 |    24 |     9 |    13 |       ||    57
Evoke: Wand              |       |       |       |     3 |     1 |    19 |    11 |     3 |     2 ||    39
  Use: Scroll            |       |       |    23 |    11 |    11 |    10 |    14 |     9 |     1 ||    79
       Potion            |       |       |     1 |     5 |     1 |     4 |     3 |     1 |     4 ||    19
 Stab: Sleeping          |     1 |       |       |       |     1 |       |    13 |     3 |       ||    18
       Distracted        |       |       |       |     2 |     3 |     2 |       |     4 |       ||    11
       Petrifying        |       |       |       |       |     1 |       |       |       |       ||     1
       Petrified         |       |       |       |       |     1 |       |       |       |       ||     1
       Invisible         |       |       |       |       |       |     3 |       |       |       ||     3
       Held in net/web   |       |       |       |       |       |       |     1 |       |       ||     1
  Eat: Chunk             |       |     6 |    16 |    25 |    52 |   101 |    74 |    47 |       ||   321
       Pizza             |       |       |       |       |       |       |     3 |       |       ||     3
Armor: Robe              |     8 |       |       |       |       |       |       |       |       ||     8
       Scale mail        |    21 |   121 |   118 |    48 |       |       |       |       |       ||   308
       Ice dragon scales |       |       |       |    78 |   287 |    30 |       |       |       ||   395
       Plate armour      |       |       |       |       |       |   685 |   561 |       |       ||  1246
       Troll leather arm |       |       |       |       |       |       |    94 |   375 |    25 ||   494
Dodge: Dodged            |    55 |   139 |   200 |   455 |  1039 |  1763 |  1958 |  1489 |    71 ||  7169
       Deflected         |       |       |       |       |    11 |    23 |    66 |    53 |       ||   153
Block: Buckler           |       |       |       |       |       |       |       |   474 |    36 ||   510
